 Dungeon Crawl Stone Soup version 0.31-a0-1242-g57893ffec4 (webtiles) character file.

Game seed: 4106397639363709051

763 James the Grappler (level 7, -5/66 HPs)
             Began as a Troll Berserker on Dec 16, 2023.
             Was an Initiate of Uskayaw.
             Slain by a black bear (6 damage)
             ... created by the rage of Trog
             ... on level 5 of the Dungeon.
             The game lasted 00:06:14 (3653 turns).

James the Grappler (Troll Berserker)                Turns: 3653, Time: 00:06:15

Health: -5/66      AC:  4    Str: 28    XL:     7   Next: 51%
Magic:  3/6        EV: 10    Int:  3    God:    Uskayaw [......]
Gold:   227        SH:  0    Dex:  9    Spells: 6/6 levels left

rFire   . .          .
                       - Unarmed
rCold   . . .        (no shield)
rNeg    . . .        a - +0 animal skin
rPois   .            (helmet restricted)
rElec   .            (no cloak)
rCorr   .            (gloves unavailable)
SInv    .            (boots unavailable)
Will    .....        (no amulet)
Stlth   +            (no ring)
HPRegen 1.11/turn    (no ring)
MPRegen 0.10/turn

%: no passive effects
@: no status effects
A: large, unfitting armour, claws 3, regeneration 1, shaggy fur 1, tough skin 1
a: Renounce Religion


You were on level 5 of the Dungeon.
You worshipped Uskayaw.
Uskayaw was noncommittal.
You visited 2 branches of the dungeon, and saw 6 of its levels.

You collected 227 gold pieces.

Inventory:

Hand Weapons
 i - a +0 sling
   (You found it on level 1 of the Dungeon)
 q - a +1 vampiric dagger {!w}
   (You found it on level 2 of the Dungeon)
 u - a +0 halberd
   (You took it off a gnoll on level 2 of the Dungeon)
 w - a +0 scythe of protection
   (You took it off Sigmund on level 3 of the Dungeon)
Missiles
 k - 5 large rocks
 x - 15 stones
 A - 6 javelins (quivered)
 B - 5 boomerangs
Armour
 a - a +0 animal skin (worn)
 c - a +0 robe
   (You found it on level 1 of the Dungeon)
 l - an orb of mayhem
   (You found it on level 2 of the Dungeon)
 n - a +0 robe
   (You found it on level 2 of the Dungeon)
 o - a +0 robe
   (You took it off a kobold on level 2 of the Dungeon)
 v - a +0 robe
   (You took it off Sigmund on level 3 of the Dungeon)
 y - a +0 robe
   (You found it on level 3 of the Dungeon)
Jewellery
 r - a ring of ice
   (You found it on level 2 of the Dungeon)
Scrolls
 d - 2 scrolls of amnesia {unknown}
 e - a scroll of fear {unknown}
 f - 2 scrolls of teleportation {unknown}
 h - 2 scrolls of vulnerability {unknown}
 j - 2 scrolls of noise {unknown}
 m - a scroll of enchant armour {unknown}
 p - 3 scrolls of identify {unknown}
 s - a scroll of torment {unknown}
 D - a scroll of butterflies {unknown}
Potions
 b - 2 potions of lignification {unknown}
 g - a potion of brilliance {unknown}
 t - a potion of resistance {unknown}
 z - a potion of curing {unknown}
 C - a potion of heal wounds {unknown}


   Skills:
 - Level 2.4 Fighting
 - Level 2.4 Dodging
 + Level 9.0 Unarmed Combat


You had 6 spell levels left.
You didn't know any spells.
Your spell library contained the following spells:

 Spells                   Type           Power      Damage    Failure   Level
 Apportation              Tloc           0%         N/A       52%         1
 Necrotise                Necr           0%         1d4       52%         1
 Sting                    Tmut/Pois      0%         1d3       52%         1
 Summon Small Mammal      Summ           0%         N/A       52%         1
 Ensorcelled Hibernation  Hex/Ice        0%         N/A       67%         2
 Jinxbite                 Hex            0%         N/A       67%         2
 Poisonous Vapours        Pois/Air       0%         N/A       67%         2
 Ignite Poison            Fire/Tmut/Pois 0%         N/A       88%         3
 Inner Flame              Hex/Fire       0%         N/A       88%         3
 Anguish                  Hex/Necr       0%         N/A       99%         4
 Flame Wave               Conj/Fire      0%         2d4       99%         4
 Olgreb's Toxic Radiance  Pois           0%         N/A       99%         4
 Sticky Flame             Conj/Fire      0%         2d3       99%         4
 Ignition                 Fire           0%         3d3       100%        8


Dungeon Overview and Level Annotations

Branches:
Dungeon (5/15)             Temple (1/1) D:4

Altars:
Ashenzari
Fedhas
Hepliaklqana
Kikubaaqudgha
Makhleb
Nemelex Xobeh
Okawaru
Qazlal
Ru
Sif Muna
Trog
Uskayaw
Vehumet
Wu Jian
Xom
Yredelemnul
The Shining One

Shops:
D:1 (


Innate Abilities, Weirdness & Mutations

You are too large for most types of armour.
You have claws for hands.
Your natural rate of healing is unusually fast.
You are covered in fur. (AC +1)
You have tough skin. (AC +1)


Message History

6 black bears come into view.
The black bear attacks as it pursues you!
The black bear closely misses you. The black bear misses you.
The black bear claws you but does no damage.
The black bear bites you.
The black bear claws you but does no damage.
The black bear misses you. The black bear barely misses you.
The black bear claws you. x2
The black bear closely misses you. The black bear claws you.
The black bear misses you. The black bear completely misses you.
The black bear claws you.
The black bear claws you but does no damage.
The black bear closely misses you. x2; The black bear barely misses you.
The black bear misses you. The black bear closely misses you. x2
The black bear completely misses you. The black bear claws you. x2
The black bear barely misses you. x3
The black bear rages. x2
The black bear misses you. The black bear claws you.
The black bear claws you but does no damage.
The black bear barely misses you.
The black bear claws you but does no damage.
The black bear closely misses you.
You mangle the black bear!! The black bear bites you.
* * * LOW HITPOINT WARNING * * *
The black bear closely misses you.
The black bear claws you but does no damage.
The black bear bites you!
* * * LOW HITPOINT WARNING * * *
The black bear barely misses you.
The black bear claws you but does no damage.
You stomp with the beat, sending a shockwave through the revellers around you!
You can no longer stomp with the beat.
The black bear bites you but does no damage.
The black bear claws you.
* * * LOW HITPOINT WARNING * * *
The black bear barely misses you. The black bear bites you.
* * * LOW HITPOINT WARNING * * *
The black bear claws you.
* * * LOW HITPOINT WARNING * * *
The black bear barely misses you. The black bear closely misses you.
The black bear claws you.
* * * LOW HITPOINT WARNING * * *
The black bear claws you but does no damage.
The black bear bites you but does no damage.
The black bear misses you.
The black bear claws you but does no damage.
The black bear bites you!
* * * LOW HITPOINT WARNING * * *
The black bear claws you.
You die...

##......###..
###...#...#...
...##..###....##.###...
....##..#.....##...##.#
....#...#........#####
...#...#.#...####
#..........##
#.h.......# #.hhh....##
##@hh...## #####.## ###


You could see 6 black bears.

Vanquished Creatures
  Sigmund (D:3)
  Eustachio (D:5)
  An ogre (D:5)
  A scorpion (D:3)
  2 hounds
  2 iguanas (D:5)
  Natasha (thrice) (D:2)
  4 gnolls
  An adder (D:3)
  2 worms
  10 orcs
  4 ball pythons
  6 endoplasms
  2 giant cockroaches
  8 goblins
  A hobgoblin (D:2)
  7 jackals
  4 kobolds
  3 quokkas
  A bat (D:2)
  2 frilled lizards (D:3)
  5 rats
71 creatures vanquished.

Notes
Turn   | Place    | Note
-------+----------+-------------------------------------------
     0 | D:1      | James the Troll Berserker began the quest for the Orb.
     0 | D:1      | Reached XP level 1. HP: 22/22 MP: 0/0
   380 | D:1      | Found Vyciesch's Antique Weapon Emporium.
   704 | D:2      | Noticed Natasha
   711 | D:2      | Killed Natasha
   712 | D:2      | Reached skill level 4 in Unarmed Combat
   712 | D:2      | Reached XP level 2. HP: 20/29 MP: 1/1
   712 | D:2      | Reached XP level 3. HP: 25/36 MP: 2/2
   717 | D:2      | Noticed Natasha
   725 | D:2      | Killed Natasha
   824 | D:2      | Reached skill level 5 in Unarmed Combat
   824 | D:2      | Reached XP level 4. HP: 26/44 MP: 3/3
  1061 | D:2      | Noticed Natasha
  1148 | D:2      | Killed Natasha
  1213 | D:2      | Found a radiant altar of Vehumet.
  1360 | D:3      | Noticed Sigmund
  1360 | D:3      | Found a faded altar of an unknown god.
  1381 | D:3      | Killed Sigmund
  1382 | D:3      | Reached skill level 7 in Unarmed Combat
  1382 | D:3      | Reached XP level 5. HP: 24/50 MP: 4/4
  1382 | D:3      | Reached XP level 6. HP: 29/59 MP: 5/5
  1627 | D:3      | Reached ** piety under Trog
  2621 | D:4      | Found a staircase to the Ecumenical Temple.
  2635 | Temple   | Entered the Ecumenical Temple
  2643 | Temple   | Fell from the grace of Trog
  2643 | Temple   | Became a worshipper of Uskayaw the Reveller
  2796 | D:4      | Reached * piety under Uskayaw
  2854 | D:4      | Reached ** piety under Uskayaw
  3070 | D:4      | Found an ancient bone altar of Kikubaaqudgha.
  3344 | D:5      | Entered Level 5 of the Dungeon
  3347 | D:5      | Found a blossoming altar of Fedhas.
  3393 | D:5      | Noticed Eustachio
  3412 | D:5      | Reached *** piety under Uskayaw
  3413 | D:5      | Killed Eustachio
  3414 | D:5      | Reached skill level 8 in Unarmed Combat
  3414 | D:5      | Reached XP level 7. HP: 41/66 MP: 6/6
  3543 | D:5      | Found a hazy altar of Hepliaklqana.
  3626 | D:5      | Reached skill level 9 in Unarmed Combat
  3653 | D:5      | HP: 1/66 [black bear[the rage of Trog] (9)]
  3653 | D:5      | Slain by a black bear

Illustrated notes

Levels and vault maps discovered:
D:1:      wheals_arrival_shading, layout_loops_ring, serial_shops,
          nicolae_shop_overgrown_old_shop, kennysheep_boxes
D:2:      layout_loops_ring, basic_altar, uniq_natasha
D:3:      layout_basic, nicolae_ecumenical_pavilion, serial_bayou,
          serial_bayou_lagoon_a, serial_bayou_pond_d, serial_bayou_lagoon_b,
          serial_bayou_crossing, hangedman_decor_peaks_small, roderic_lattice_a,
          uniq_sigmund
D:4:      layout_basic, mainiacjoe_overflow_brackets,
          minmay_temple_entry_offerings
D:5:      layout_cave_pools, lemuel_coloured_pillars_altar, fedhas_altar_3,
          ebering_ghost_inner_flame, uniq_eustachio
Temple:   nicolae_temple_two_arcs

Skill      XL: |  1  2  3  4  5  6  7 |
---------------+----------------------+-----
Unarmed Combat | 4 5 7 8 9 |  9.0
Fighting       | |  2.4
Dodging        | |  2.4

Action                     |  1- 3 |  4- 6 |  7- 9 || total
---------------------------+-------+-------+-------++-------
  Melee: Unarmed           |    42 |   157 |     9 ||   208
         Punch             |       |     3 |     1 ||     4
  Throw: Javelin           |       |       |     4 ||     4
 Invoke: Stomp             |       |       |     1 ||     1
   Stab: Sleeping          |       |     1 |       ||     1
         Paralysed         |       |     1 |       ||     1
 Armour: Animal skin       |    17 |    90 |    31 ||   138
  Dodge: Dodged            |    17 |    64 |    27 ||   108

Table legend: (Time is in decaauts)
 A = Elapsed time spent in this place.
 B = Non-inter-level travel time spent in this place.
 C = Inter-level travel time spent in this place.
 D = Time resting spent in this place.
 E = Time spent auto-exploring this place.
 F = Levels seen in this place.
 G = Mean time per level.
                   A        B        C        D        E       F      G
               +--------+--------+--------+--------+--------+-----+--------+
         Total |   3691 |   3454 |    237 |     87 |   2718 |   6 |  615.2 |
       Dungeon |   3674 |   3437 |    237 |     87 |   2718 |   5 |  734.8 |
        Temple |     16 |     16 |      0 |      0 |      0 |   1 |   16.0 |
               +--------+--------+--------+--------+--------+-----+--------+

Top non-repeatable levels by time:
     D:3: 1234 daAuts
     D:1: 743 daAuts
     D:4: 719 daAuts
     D:2: 670 daAuts
     D:5: 306 daAuts
  Temple: 16 daAuts
